 Dungeon Crawl Stone Soup version 0.24-a0-358-g53aee78b01 (webtiles) character file.

Game seed: 7539638922309901260

284221 D1HalberdGnoll the Warrior (level 20, -1/231 HPs)
             Began as an Ogre Necromancer on May 24, 2019.
             Was a High Priest of Kikubaaqudgha.
             Killed from afar by a tengu reaver (40 damage)
             ... with a bolt of acid
             ... led by Sojobo
             ... on level 1 of the Depths on May 25, 2019.
             The game lasted 03:31:54 (59190 turns).

D1HalberdGnoll the Warrior (Ogre Necromancer)      Turns: 59190, Time: 03:31:54

Health: -1/231     AC: 10    Str: 17    XL:     20   Next: 58%
Magic:  21/38      EV: 15    Int: 21    God:    Kikubaaqudgha [*****.]
Gold:   3247       SH: 13    Dex: 16    Spells: 17/47 levels left

rFire    + + .     SeeInvis +   o - +12 whip "Killer Bee's Peril" {flame, rC+}
rCold    + + .     Gourm    .   r - +2 shield of Salvation {rF+ Dex+6}
rNeg     + . .     Faith    +   t - +2 troll leather armour
rPois    +         Spirit   .   s - +2 hat {SInv}
rElec    .         Reflect  .   H - scarf {rC+ rF+}
rCorr    .         Harm     .   (gloves unavailable)
MR       ++...                  (boots unavailable)
Stlth    ++........             A - amulet of faith
HPRegen  0.88/turn              w - ring of positive energy
MPRegen  0.26/turn              L - ring of poison resistance

@: death channel, slowed, lightly drained, very slow
A: large, unfitting armour, tough skin 1
}: 2/15 runes: decaying, gossamer
a: Receive Corpses, Torment, Renounce Religion


You were on level 1 of the Depths.
You worshipped Kikubaaqudgha.
Kikubaaqudgha was extremely pleased with you.
You were very hungry.

You visited 8 branches of the dungeon, and saw 37 of its levels.
You also visited: Sewer and Ice Cave.

You collected 5348 gold pieces.
You spent 2101 gold pieces at shops.

Inventory:

Hand Weapons
 o - the +12 whip "Killer Bee's Peril" (weapon) {flame, rC+}
   (You took it off an orc on level 10 of the Dungeon)

   It has been specially enchanted to burn those struck by it, causing extra
   injury to most foes and up to half again as much damage against particularly
   susceptible opponents.
   It protects you from cold.
Missiles
 g - 6 throwing nets (quivered)
Armour
 e - the +2 faerie dragon scales {rN++ rCorr}
   (You took it off the Enchantress on level 15 of the Dungeon)

   It greatly protects you from negative energy.
   It provides partial protection from all sources of acid and corrosion.
 r - the +2 shield of Salvation (worn) {rF+ Dex+6}
   (You acquired it on level 5 of the Dungeon)

   It affects your dexterity (+6).
   It protects you from fire.
 s - a +2 hat of see invisible (worn)
 t - a +2 troll leather armour (worn)
 H - a scarf of resistance (worn)
Magical Staves
 N - an uncursed staff of power
Jewellery
 j - an uncursed ring of protection from fire
 w - a ring of positive energy (left hand)
 A - an amulet of faith (around neck)
 L - a ring of poison resistance (right hand)
Wands
 q - a wand of polymorph (8)
 u - a wand of scattershot (7)
 E - a wand of paralysis (31)
 F - a wand of digging (19)
 M - a wand of iceblast (4)
 T - a wand of acid (9)
Scrolls
 a - 5 scrolls of enchant weapon
 i - 2 scrolls of fog
 k - 4 scrolls of teleportation
 l - 20 scrolls of remove curse
 m - 10 scrolls of amnesia
 v - 2 scrolls of blinking
 y - 7 scrolls of magic mapping
 C - 11 scrolls of identify
 O - a scroll of silence
 P - a scroll of fear
 Q - 2 scrolls of brand weapon
 S - 2 scrolls of torment
Potions
 b - 12 potions of curing
 d - 10 potions of haste
 h - 10 potions of might
 n - 6 potions of flight
 p - 4 potions of brilliance
 x - 8 potions of mutation
 z - 2 potions of agility
 J - 2 potions of resistance
 R - a potion of cancellation
 U - 2 potions of invisibility
 V - a potion of magic
 W - a potion of ambrosia
Miscellaneous
 D - a lamp of fire (inert)
 X - a phial of floods
Comestibles
 c - 9 rations
 f - 14 chunks of flesh


   Skills:
 + Level 20.8(20.1) Fighting
 - Level 14.0(13.4) Staves
 + Level 9.0(8.5) Armour
 - Level 10.0(9.4) Dodging
 - Level 1.4(0.9) Stealth
 - Level 9.0(8.4) Shields
 - Level 14.0(13.4) Spellcasting
 - Level 6.0(5.5) Conjurations
 + Level 16.1(15.5) Necromancy
 - Level 6.0(5.5) Evocations


You had 17 spell levels left.
You knew the following spells:

 Your Spells              Type           Power        Failure   Level  Hunger
a - Pain                  Necr           ####         0%          1    None
b - Vampiric Draining     Necr           ######....   1%          3    None
c - Bolt of Draining      Conj/Necr      ######....   2%          5    ###....
d - Animate Dead          Necr           N/A          1%          4    None
e - Dispel Undead         Necr           ######..     1%          5    ###....
f - Death Channel         Necr           ######....   1%          6    #####..
l - Sublimation of Blood  Necr           ######....   0%          2    None
r - Regeneration          Chrm/Necr      #####.....   1%          3    None
s - Animate Skeleton      Necr           N/A          0%          1    None

Your spell library contained the following spells:

 Spells                   Type           Power        Failure   Level  Hunger
 Corpse Rot               Necr           N/A          0%          2    None
 Flame Tongue             Conj/Fire      ####.        1%          1    None
 Magic Dart               Conj           ####         1%          1    None
 Searing Ray              Conj           #####.       1%          2    None
 Apportation              Tloc           ##....       6%          1    None
 Beastly Appendage        Tmut           ##....       6%          1    None
 Confusing Touch          Hex            ##....       6%          1    None
 Infusion                 Chrm           ##..         6%          1    None
 Summon Small Mammal      Summ           ##..         6%          1    None
 Dazzling Spray           Conj/Hex       ####..       6%          3    None
 Iskenderun's Mystic Bla  Conj           #####...     6%          4    None
 Excruciating Wounds      Chrm/Necr      #####.....   7%          5    ###....
 Call Imp                 Summ           ##......     9%          2    None
 Shroud of Golubria       Chrm/Tloc      ##........   9%          2    None
 Song of Slaying          Chrm           ##......     9%          2    None
 Sticks to Snakes         Tmut           ##......     9%          2    None
 Call Canine Familiar     Summ           ##......     19%         3    None
 Confuse                  Hex            ##......     19%         3    None
 Gell's Gravitas          Tloc           ##........   19%         3    None
 Spectral Weapon          Hex/Chrm       ##......     19%         3    None
 Spider Form              Tmut/Pois      ##........   19%         3    None
 Summon Guardian Golem    Hex/Summ       ##......     19%         3    None
 Force Lance              Conj/Tloc      ####....     19%         4    None
 Fulminant Prism          Conj/Hex       ####......   19%         4    None
 Irradiate                Conj/Tmut      ####......   47%         5    ###....
 Cause Fear               Hex            ##........   52%         4    None
 Ice Form                 Ice/Tmut       ##......     52%         4    None
 Petrify                  Tmut/Erth      ##......     52%         4    None
 Summon Ice Beast         Ice/Summ       ##......     52%         4    None
 Summon Lightning Spire   Summ/Air       ##......     52%         4    None
 Borgnjor's Revivificati  Necr           ######....   56%         8    #######
 Infestation              Necr           ######....   56%         8    #######
 Blade Hands              Tmut           ##........   86%         5    ###....
 Metabolic Englaciation   Hex/Ice        ##........   86%         5    ###....
 Silence                  Hex/Air        ##........   86%         5    ###....
 Yara's Violent Unravell  Hex/Tmut       ##........   86%         5    ###....
 Haunt                    Necr/Summ      #####.....   91%         7    ######.
 Bolt of Fire             Conj/Fire      ####......   96%         6    #####..
 Deflect Missiles         Chrm/Air       ##........   100%        6    #####..
 Hydra Form               Tmut           ##........   100%        6    #####..
 Statue Form              Tmut/Erth      ##.......    100%        6    #####..
 Dragon Form              Tmut           ##........   100%        7    ######.
 Death's Door             Chrm/Necr      #####.....   100%        8    #######
 Discord                  Hex            ##........   100%        8    #######
 Necromutation            Tmut/Necr      #####.....   100%        8    #######
 Dragon's Call            Summ           ##........   100%        9    #######


Dungeon Overview and Level Annotations

Branches:
Dungeon (15/15)            Temple (1/1) D:5            Lair (6/6) D:9
  Swamp (4/4) Lair:3       Spider (4/4) Lair:2        Slime (0/5) Lair:5
    Orc (2/2) D:10            Elf (0/3) Orc:2        Vaults (4/5) D:13
  Crypt (0/3) Vaults:2     Depths (1/5) D:15

Altars:
Ashenzari
Cheibriados
Dithmenos
Elyvilon
Fedhas
Gozag
Hepliaklqana
Kikubaaqudgha
Makhleb
Nemelex Xobeh
Okawaru
Qazlal
Ru
Sif Muna
Trog
Uskayaw
Vehumet
Wu Jian
Xom
Yredelemnul
Zin
The Shining One

Shops:
D:12 =   D:13 :   Orc:1 *   Orc:2 %*:*}   Vaults:1 [[(   Vaults:4 *

Annotations:
D:8 exclusion: downstairs
D:11 exclusion: downstairs
Lair:1 exclusion: oklob plant
Lair:3 3 runed translucent doors, levstk's ghost, adept DrFE
Lair:4 2 transporters, exclusion: 3 oklob plants, Noxiv's ghost, journeyman FoFi
Lair:6 3 runed translucent doors, smajdalf's ghost, journeyman TeAE
Swamp:1 exclusion: Roxanne, Roxanne
Orc:2 2 transporters, HAL9000's ghost, journeyman VSAs
Depths:1 Sojobo


Innate Abilities, Weirdness & Mutations

You are too large for most types of armour.
You have tough skin. (AC +1)


Message History

The tengu reaver hits your stone giant zombie with a +1 broad axe of chopping.
The tengu reaver pecks your deep troll shaman zombie.
The tengu reaver claws your deep troll shaman zombie.
The frost giant hits your stone giant zombie with a +1 battleaxe of freezing!!
The frost giant freezes your stone giant zombie.
The frost giant hits your deep troll shaman zombie with a +1 battleaxe of freezing!!
The frost giant hits your ogre mage zombie with a +1 battleaxe of freezing!
Your ogre mage zombie is destroyed!
Sojobo points at you and mumbles some strange words.
The bolt of lightning hits you!!
* * * LOW HITPOINT WARNING * * *
Your deep troll shaman zombie bites the frost giant!!
The frost giant dies!
Kikubaaqudgha accepts your kill.
A glowing mist starts to gather...
Your yaktaur captain zombie hits the tengu reaver.
The tengu reaver points at you and mumbles some strange words.
The bolt of acid hits you!!!
You die...
Kikubaaqudgha rasps: "You have failed me!
Welcome... death!"

##......)............##...#
..........................#
..........................#
..........................##
..............................
.....(..........###...........
..>.............###.........##
................ZZ...........#
................@............#
...(...............†..........
.................Z...Q*.....
...................ZQ.).....
...................ZQ.......
.........†.........Z).......
..........%...........Z.....
...............#####........
........(......# #.......#


You could see Sojobo, 2 tengu reavers, a battlesphere, a friendly spectral frost
giant, a friendly ice dragon zombie, a friendly yaktaur zombie, a friendly
yaktaur captain zombie, a friendly stone giant zombie, a friendly deep troll
shaman zombie and a friendly spark wasp zombie.

Vanquished Creatures
  the Enchantress (D:15)
  A tentacled monstrosity (Vaults:3)
  An ancient champion (Vaults:2)
  Frances (D:12)
  Donald (Vaults:4)
  Agnes (D:15)
  A tengu reaver (Vaults:4)
  A fire giant (Vaults:4)
  3 frost giants
  5 vault wardens
  3 emperor scorpions (Spider:3)
  4 ghost moths (Spider:4)
  A deep elf sorcerer (Vaults:1)
  A very ugly thing (Vaults:4)
  8 ironheart preservers
  3 spriggan defenders (D:15)
  2 stone giants
  A war gargoyle (Vaults:1)
  A deep elf demonologist (Vaults:1)
  4 entropy weavers
  A deep elf annihilator (Vaults:1)
  A white draconian (IceCv)
  6 yaktaur captains
  2 deep elf death magi (Vaults:3)
  A crystal guardian (Vaults:4)
  An ettin (D:15)
  A fire dragon (Vaults:4)
  Erolcha (Orc:1)
  10 vault guards
  9 hydras
  An ice dragon (Vaults:3)
  2 ghost crabs
  6 centaur warriors
  4 death knights
  25 two-headed ogres
  A queen ant (Spider:3)
  3 alligators
  2 death yaks (Lair:6)
  Urug (Lair:4)
  2 ogre magi
  3 orc high priests (Orc:2)
  A deep troll shaman (Vaults:3)
  2 tengu warriors (D:13)
  A vampire mage (Vaults:2)
  4 deep elf knights
  Nergalle (D:10)
  5 skeletal warriors
  4 unseen horrors
  3 shadow wraiths
  4 swamp dragons
  2 deep trolls
  3 phantasmal warriors (D:14)
  2 deep elf archers
  5 necromancers
  3 ironbrand convokers
  A harpy (shapeshifter) (Vaults:4)
  4 orb spiders
  A lindwurm (Lair:5)
  7 orc sorcerers
  5 cyclopes
  7 orc knights
  10 deep elf magi
  8 wolf spiders
  8 ugly things
  2 moths of wrath
  An ice statue (IceCv)
  3 black mambas
  7 vault sentinels
  10 spiny frogs
  A storm dragon simulacrum (Vaults:2)
  2 gargoyles
  A spiny frog (shapeshifter) (Depths:1)
  4 centaur skeletons
  5 freezing wraiths
  An efreet (D:13)
  A komodo dragon (Lair:4)
  13 yaktaurs
  2 rime drakes (Lair:4)
  A demonic crawler (Spider:4)
  10 polar bears
  5 tyrant leeches
  A meliai (shapeshifter) (Vaults:4)
  6 jumping spiders
  4 trolls
  15 hornets
  Grinder (D:5)
  A meliai zombie (D:13)
  12 slime creatures
  9 blink frogs
  2 bog bodies (Swamp:2)
  A hippogriff (shapeshifter) (Vaults:1)
  4 hippogriffs
  A frost giant simulacrum (Vaults:3)
  Sigmund (D:3)
  31 redbacks
  4 spriggans
  A yak (shapeshifter) (Vaults:2)
  A shadow (Swamp:3)
  A vampire (D:14)
  8 tarantellas
  A tarantella (shapeshifter) (Vaults:1)
  3 wyverns
  10 wraiths
  44 yaks
  2 basilisks (Lair:2)
  8 humans (D:13)
  A golden eye (shapeshifter) (Vaults:4)
  A steam dragon (D:9)
  Eustachio (D:5)
  14 vampire mosquitoes
  3 hungry ghosts
  A warg (Orc:1)
  6 swamp worms
  An acid dragon (D:15)
  13 soldier ants
  6 water moccasins
  5 porcupines
  2 phantoms
  A swamp drake (Swamp:4)
  26 orc warriors
  3 ice beasts
  4 sky beasts
  2 ettin simulacra (Vaults:4)
  A boggart (Lair:6)
  23 ogres
  4 black bears
  19 wolves
  3 crocodiles
  2 big kobolds
  7 centaurs
  19 bullfrogs
  2 gnoll sergeants (D:6)
  Blork the orc (D:6)
  A wyvern zombie (D:13)
  A scorpion (D:8)
  10 killer bees
  3 wights (D:11)
  2 electric eels
  3 howler monkeys
  3 crimson imps
  2 bullfrog zombies
  3 centaur zombies
  A jelly (shapeshifter) (D:15)
  A quasit (D:9)
  2 jellies
  21 orc priests
  6 hounds
  2 bullfrog skeletons
  24 orc wizards
  Crazy Yiuf (D:3)
  6 iguanas
  16 worker ants
  4 polar bear simulacra (Lair:3)
  2 yak simulacra (Lair:3)
  2 wolf simulacra (Lair:3)
  2 hound zombies
  2 hound skeletons
  A worker ant zombie (D:6)
  Robin (D:2)
  7 gnolls
  11 adders
  10 river rats (Sewer)
  5 shadow imps
  2 white imps (Lair:3)
  An ooze (D:5)
  An adder skeleton (D:4)
  3 worms
  5 dart slugs
  7 leopard geckos
  75 orcs
  12 giant cockroaches
  11 goblins
  6 hobgoblins
  8 jackals
  2 quokkas (D:4)
  4 ball pythons
  3 bats
  3 frilled lizards
  A jackal skeleton (D:4)
  25 kobolds
  A quokka skeleton (D:4)
  21 rats
  2 river rat simulacra (Lair:3)
978 creatures vanquished.

Vanquished Creatures (collateral kills)
  the Lernaean hydra (Swamp:4)
  Nikola (Swamp:3)
  Jorgrun (D:14)
  A lich (Depths:1)
  A thorn hunter (Swamp:2)
  2 storm dragons (Vaults:3)
  2 sphinxes
  A tengu reaver (Vaults:4)
  2 frost giants
  5 vault wardens
  Aizul (Swamp:4)
  2 emperor scorpions
  A ghoul (Vaults:3)
  5 ironheart preservers
  A very ugly thing (Swamp:3)
  2 entropy weavers
  3 stone giants
  5 deep elf annihilators
  A spark wasp (Spider:4)
  An ettin (Vaults:4)
  Josephine (Lair:5)
  A fire dragon (Vaults:4)
  A great orb of eyes (Vaults:1)
  7 vault guards
  4 yaktaur captains
  A rakshasa (D:13)
  3 ice dragons
  Fannar (Lair:2)
  12 hydras
  A spriggan air mage (Depths:1)
  Erica (Lair:2)
  A death knight (D:14)
  4 shambling mangroves
  3 alligators
  A centaur warrior (Depths:1)
  3 deep troll shamans
  5 ogre magi
  4 death yaks (Lair:6)
  15 two-headed ogres
  A deep troll earth mage (Vaults:3)
  3 deep elf knights (Vaults:1)
  A titan skeleton (Vaults:4)
  Sonja (Lair:2)
  A skeletal warrior (Vaults:4)
  A glowing orange brain (Vaults:4)
  4 swamp dragons
  An unseen horror (Vaults:1)
  A flayed ghost (Vaults:1)
  6 deep trolls
  3 ironbrand convokers
  2 necromancers (D:13)
  4 orc knights
  4 deep elf magi
  7 deep elf archers
  9 orb spiders
  13 wolf spiders
  2 cyclopes
  7 ugly things
  2 black mambas (Lair:6)
  7 vault sentinels
  A spiny frog (shapeshifter) (Vaults:1)
  2 centaur zombies
  9 spiny frogs
  A torpor snail (Spider:3)
  A komodo dragon (Lair:6)
  2 freezing wraiths
  10 demonic crawlers
  24 yaktaurs
  24 jumping spiders
  A troll (Vaults:3)
  8 polar bears
  6 tyrant leeches
  10 blink frogs
  A bog body (Swamp:2)
  20 hornets
  A jumping spider (shapeshifter) (Vaults:3)
  A hippogriff (Lair:6)
  A sphinx simulacrum (Vaults:3)
  A blink frog (shapeshifter) (Vaults:1)
  9 dream sheep
  3 slime creatures
  A spriggan (shapeshifter) (Vaults:4)
  22 tarantellas
  2 wraiths (Lair:5)
  24 yaks
  A wyvern (shapeshifter) (Vaults:4)
  44 redbacks
  A basilisk (Lair:1)
  15 spriggans
  11 humans (D:13)
  A yak (shapeshifter) (Depths:1)
  10 insubstantial wisps
  2 vampire mosquitoes (Swamp:1)
  8 soldier ants
  12 swamp worms
  2 water moccasins
  2 black bears (Lair:6)
  8 swamp drakes
  6 orc warriors
  An eye of draining (D:14)
  A sky beast (D:14)
  13 ogres
  19 wolves
  4 boggarts (Lair:6)
  7 centaurs
  4 crocodiles
  2 bullfrogs
  A killer bee (D:8)
  4 wights (D:12)
  2 electric eels (Lair:6)
  A crimson imp (D:15)
  2 jellies
  4 orc priests
  A hound (D:5)
  A bullfrog skeleton (D:8)
  7 orc wizards
  16 worker ants
  A wolf simulacrum (Lair:3)
  A howler monkey skeleton (D:9)
  An adder (Sewer)
  10 white imps (Lair:3)
  An ooze (Sewer)
  16 orcs
  A goblin (D:2)
  2 jackals
  A ball python (Sewer)
  A rat (Sewer)
  6 fungi
  9 plants
636 creatures vanquished.

Vanquished Creatures (others)
  A vault warden (Vaults:2)
  A shadow wraith (Vaults:4)
  A yaktaur (Vaults:1)
  A tyrant leech (Swamp:3)
  7 fungi
  7 plants
18 creatures vanquished.

Grand Total: 1632 creatures vanquished

Notes
Turn   | Place    | Note
-------+----------+-------------------------------------------
     0 | D:1      | D1HalberdGnoll the Ogre Necromancer began the quest for the
                  | Orb.
     0 | D:1      | Reached XP level 1. HP: 16/16 MP: 3/3
    42 | D:1      | Learned a level 1 spell: Animate Skeleton
   376 | D:1      | Reached XP level 2. HP: 13/26 MP: 3/5
   607 | D:1      | Reached skill level 1 in Fighting
   936 | D:1      | Reached XP level 3. HP: 22/33 MP: 4/7
   966 | D:1      | Learned a level 3 spell: Vampiric Draining
  1630 | D:2      | Reached XP level 4. HP: 42/42 MP: 8/8
  1906 | D:2      | Reached skill level 2 in Fighting
  1978 | D:2      | Noticed Robin
  1983 | D:2      | Killed Robin
  2405 | D:2      | Reached XP level 5. HP: 40/50 MP: 4/9
  2547 | D:3      | Learned a level 3 spell: Regeneration
  2915 | D:3      | Found a glowing drain.
  2934 | Sewer    | Entered a sewer
  3150 | Sewer    | Noticed a big kobold
  3177 | Sewer    | Killed a big kobold
  3177 | Sewer    | Reached skill level 3 in Fighting
  3181 | Sewer    | Reached XP level 6. HP: 35/61 MP: 0/11
  3363 | Sewer    | Reached skill level 5 in Necromancy
  4014 | Sewer    | Learned a level 4 spell: Animate Dead
  4415 | D:3      | Found a hide-covered altar of Uskayaw.
  4619 | D:3      | Noticed Sigmund
  4643 | D:3      | Killed Sigmund
  4643 | D:3      | Reached skill level 4 in Fighting
  4643 | D:3      | Reached XP level 7. HP: 35/70 MP: 4/13
  4805 | D:3      | Found a runed translucent door.
  4806 | D:3      | Noticed Crazy Yiuf
  4813 | D:3      | Killed Crazy Yiuf
  5518 | D:4      | Reached XP level 8. HP: 73/79 MP: 12/15
  5711 | D:4      | Got an ancient quarterstaff
  5722 | D:4      | Identified the +9 quarterstaff of the Shark {elec, +Rage
                  | MR+ Str+10 Int-3} (You found it on level 4 of the Dungeon)
  5840 | D:4      | Found an ornate altar of the Wu Jian Council.
  5887 | D:4      | Reached skill level 5 in Fighting
  6040 | D:5      | Entered Level 5 of the Dungeon
  6126 | D:5      | Reached skill level 5 in Spellcasting
  6154 | D:5      | Noticed Grinder
  6172 | D:5      | Killed Grinder
  6172 | D:5      | Reached skill level 1 in Staves
  6441 | D:5      | Noticed Eustachio
  6454 | D:5      | Killed Eustachio
  6476 | D:5      | Identified a scroll of acquirement
  6477 | D:5      | Got a shimmering shield
  6478 | D:5      | Identified the +2 shield of Salvation {rF+ Dex+6} (You
                  | acquired it on level 5 of the Dungeon)
  6620 | D:5      | Found a staircase to the Ecumenical Temple.
  6674 | Temple   | Entered the Ecumenical Temple
  6741 | Temple   | Became a worshipper of Kikubaaqudgha
  6958 | D:5      | Reached skill level 6 in Fighting
  7064 | D:5      | Reached XP level 9. HP: 61/89 MP: 17/17
  7319 | D:6      | Noticed Blork the orc
  7320 | D:6      | Found the +7 Singing Sword {slice, sonic wave}
  7326 | D:6      | Killed Blork the orc
  7564 | D:6      | Reached skill level 5 in Dodging
  8492 | D:7      | Reached skill level 7 in Fighting
  8556 | D:7      | Found a sacrificial altar of Ru.
  8561 | D:7      | Found a deep blue altar of Sif Muna.
  8564 | D:7      | Found a radiant altar of Vehumet.
  8722 | D:7      | Reached * piety under Kikubaaqudgha
  8722 | D:7      | Identified Kikubaaqudgha's Disquisition on Stolen Souls
                  | (Kikubaaqudgha gifted it to you on level 7 of the Dungeon)
  8722 | D:7      | Received a gift from Kikubaaqudgha
  9132 | D:8      | Reached XP level 10. HP: 86/102 MP: 20/20
 10057 | D:8      | Noticed a two-headed ogre
 10168 | D:8      | Killed a two-headed ogre
 10168 | D:8      | Reached skill level 8 in Fighting
 11159 | D:9      | Found a staircase to the Lair.
 11410 | D:9      | Found an opulent altar of Gozag.
 11443 | D:9      | Reached ** piety under Kikubaaqudgha
 11449 | D:9      | Reached skill level 5 in Staves
 11539 | D:9      | Killed an unseen horror
 12063 | D:10     | Entered Level 10 of the Dungeon
 12082 | D:10     | Reached XP level 11. HP: 113/113 MP: 22/22
 12144 | D:10     | Reached skill level 9 in Fighting
 12160 | D:10     | Reached skill level 10 in Necromancy
 12393 | D:10     | Noticed Nergalle
 12403 | D:10     | Noticed a two-headed ogre
 12406 | D:10     | Killed Nergalle
 12429 | D:10     | Killed a two-headed ogre
 12538 | D:10     | Identified the +12 whip "Killer Bee's Peril" {flame, rC+}
 12560 | D:10     | Reached *** piety under Kikubaaqudgha
 12560 | D:10     | Identified Kikubaaqudgha's Almanac of Dark Arts
                  | (Kikubaaqudgha gifted it to you on level 10 of the Dungeon)
 12560 | D:10     | Received a gift from Kikubaaqudgha
 12838 | D:10     | Found a staircase to the Orcish Mines.
 13013 | Lair:1   | Entered Level 1 of the Lair of Beasts
 13022 | Lair:1   | Found a sparkling altar of Nemelex Xobeh.
 13272 | Lair:1   | Found a blossoming altar of Fedhas.
 13285 | Lair:1   | Noticed an oklob plant
 13363 | Lair:1   | Reached skill level 1 in Shields
 13908 | Lair:2   | Reached skill level 10 in Fighting
 13962 | Lair:2   | Noticed Fannar
 14138 | Lair:2   | Killed Fannar
 14294 | Lair:2   | Noticed an eight-headed hydra
 14311 | Lair:2   | Killed an eight-headed hydra
 14311 | Lair:2   | Reached XP level 12. HP: 126/126 MP: 10/25
 14641 | Lair:2   | Found a hole to the Spider Nest.
 14748 | Lair:2   | Noticed Sonja
 14754 | Lair:2   | Killed Sonja
 14850 | Lair:2   | You fall into a shaft and drop 2 floors!
 14871 | Lair:4   | Noticed a six-headed hydra
 14881 | Lair:4   | Killed a six-headed hydra
 15169 | Lair:3   | Found the +3 robe of Clouds {+Thunder rCloud rElec}
 15169 | Lair:3   | Noticed levstk's ghost (adept DrFE)
 15169 | Lair:3   | Noticed an eight-headed hydra
 15171 | Lair:3   | Found a runed translucent gate.
 15171 | Lair:3   | Found a runed translucent gate.
 15171 | Lair:3   | Found a runed translucent gate.
 15233 | Lair:3   | Reached **** piety under Kikubaaqudgha
 15243 | Lair:3   | Found a frozen archway.
 15263 | IceCv    | Entered an ice cave
 15791 | IceCv    | Reached skill level 11 in Fighting
 16124 | IceCv    | Noticed a white draconian
 16150 | IceCv    | Killed a white draconian
 16150 | IceCv    | Reached skill level 10 in Spellcasting
 16198 | IceCv    | Reached XP level 13. HP: 72/137 MP: 20/27
 16755 | Lair:2   | Noticed Erica
 16792 | Lair:2   | Killed Erica
 17122 | Lair:2   | Learned a level 2 spell: Sublimation of Blood
 17128 | Lair:2   | Learned a level 5 spell: Bolt of Draining
 17512 | Lair:3   | Found a staircase to the Swamp.
 17523 | Lair:3   | Reached skill level 1 in Conjurations
 18903 | Lair:4   | Reached skill level 5 in Shields
 19031 | Lair:4   | Identified the +8 trident of the Elven Halls {antimagic,
                  | rElec Str-5 Int+2}
 19032 | Lair:4   | Noticed Noxiv's ghost (journeyman FoFi)
 19033 | Lair:4   | Found a bloodstained altar of Trog.
 19293 | Lair:4   | Found a transporter.
 19379 | Lair:4   | Found a transporter.
 19383 | Lair:4   | Reached ***** piety under Kikubaaqudgha
 19459 | Lair:4   | Noticed Urug
 19485 | Lair:4   | Killed Urug
 19485 | Lair:4   | Reached skill level 12 in Fighting
 20149 | Lair:5   | Learned a level 5 spell: Dispel Undead
 20156 | Lair:5   | Learned a level 6 spell: Death Channel
 20275 | Lair:5   | Found a staircase to the Slime Pits.
 20687 | Lair:5   | Noticed Josephine
 20717 | Lair:5   | Killed Josephine
 21298 | Lair:6   | Entered Level 6 of the Lair of Beasts
 21931 | Lair:6   | Reached XP level 14. HP: 141/150 MP: 22/29
 22941 | Lair:6   | Reached skill level 13 in Fighting
 23061 | Lair:6   | Found a runed translucent gate.
 23063 | Lair:6   | Found a runed translucent gate.
 23064 | Lair:6   | Found a runed translucent gate.
 23065 | Lair:6   | Noticed smajdalf's ghost (journeyman TeAE)
 23376 | D:11     | Found Cacis's Food Emporium.
 23922 | D:11     | Reached skill level 5 in Conjurations
 24208 | D:12     | Found Cehygym's Jewellery Emporium.
 24637 | D:12     | Found a stormy altar of Qazlal.
 25204 | D:12     | Noticed Frances
 25233 | D:12     | Killed Frances
 25233 | D:12     | Reached skill level 10 in Staves
 26489 | D:13     | Identified the ring "Uqoyq" {*Corrode rN+ MP+9 Str+4
                  | Stlth+}
 26672 | D:13     | Found a gate to the Vaults.
 26833 | D:13     | Found Xalextum's Book Shop.
 27079 | D:13     | Reached skill level 14 in Fighting
 27195 | D:13     | Reached XP level 15. HP: 53/163 MP: 0/31
 28212 | D:14     | Found a sparkling altar of Nemelex Xobeh.
 28799 | D:14     | Reached ****** piety under Kikubaaqudgha
 29209 | D:14     | Noticed Jorgrun
 29251 | D:14     | Killed Jorgrun
 29595 | D:15     | Entered Level 15 of the Dungeon
 29737 | D:14     | Reached skill level 15 in Fighting
 29977 | D:15     | Found a staircase to the Depths.
 30312 | D:15     | Reached skill level 1 in Evocations
 30384 | D:15     | Noticed Agnes
 30419 | D:15     | Killed Agnes
 30871 | Orc:1    | Entered Level 1 of the Orcish Mines
 31275 | Orc:1    | Found Meaf Irche's General Store.
 31291 | Orc:1    | Bought a potion of cancellation for 136 gold pieces
 31291 | Orc:1    | Bought a potion of heal wounds for 85 gold pieces
 31748 | Orc:1    | Noticed Erolcha
 31792 | Orc:1    | Killed Erolcha
 31792 | Orc:1    | Reached XP level 16. HP: 97/176 MP: 26/32
 31922 | Orc:1    | Received a gift from Kikubaaqudgha
 31974 | Orc:2    | Entered Level 2 of the Orcish Mines
 32054 | Orc:2    | Found a staircase to the Elven Halls.
 32222 | Orc:2    | Found a gate leading to a gauntlet.
 32292 | Orc:2    | Found Dixzio's Food Emporium.
 32355 | Orc:2    | Found a transporter.
 32396 | Orc:2    | Noticed HAL9000's ghost (journeyman VSAs)
 32414 | Orc:2    | Found a transporter.
 33554 | Orc:2    | Found Ehius's Book Emporium.
 33554 | Orc:2    | Found Petar's General Store.
 33555 | Orc:2    | Found Noxoudgh's Gadget Boutique.
 33555 | Orc:2    | Found Puadghiat's General Store.
 33571 | Orc:2    | Bought a potion of heal wounds for 75 gold pieces
 33573 | Orc:2    | Bought 2 potions of heal wounds for 130 gold pieces
 33596 | Orc:2    | Bought a wand of acid (7) for 330 gold pieces
 33745 | Orc:2    | Bought a ration for 50 gold pieces
 33745 | Orc:2    | Bought a ration for 50 gold pieces
 33745 | Orc:2    | Bought a ration for 50 gold pieces
 34206 | Swamp:1  | Entered Level 1 of the Swamp
 34411 | Swamp:1  | Identified Roxanne's Grimoire of Shape Shifting
 34411 | Swamp:1  | Noticed Roxanne
 36065 | Swamp:2  | Noticed a thorn hunter
 36079 | Swamp:2  | Killed a thorn hunter
 36407 | Swamp:2  | Reached skill level 16 in Fighting
 36957 | Swamp:3  | Noticed Nikola
 36973 | Swamp:3  | Killed Nikola
 38205 | Swamp:4  | Entered Level 4 of the Swamp
 38977 | Swamp:4  | Noticed Aizul
 38978 | Swamp:4  | Noticed the 27-headed Lernaean hydra
 38984 | Swamp:4  | Killed the 27-headed Lernaean hydra
 39007 | Swamp:4  | Killed Aizul
 39125 | Swamp:4  | Reached XP level 17. HP: 188/188 MP: 11/34
 39392 | Swamp:4  | Got a decaying rune of Zot
 39947 | Spider:1 | Entered Level 1 of the Spider Nest
 41442 | D:11     | Bought a ration for 50 gold pieces
 41442 | D:11     | Bought a ration for 50 gold pieces
 41442 | D:11     | Bought a ration for 50 gold pieces
 41442 | D:11     | Bought a ration for 50 gold pieces
 41442 | D:11     | Bought a ration for 50 gold pieces
 41442 | D:11     | Bought a ration for 50 gold pieces
 43380 | Spider:3 | Reached skill level 5 in Evocations
 44102 | Spider:4 | Entered Level 4 of the Spider Nest
 45178 | Spider:3 | Upgraded the game from 0.24-a0-355-gbe4061de67 to
                  | 0.24-a0-358-g53aee78b01
 46118 | Spider:4 | Reached skill level 17 in Fighting
 47501 | Spider:4 | Reached XP level 18. HP: 170/201 MP: 8/35
 47927 | Spider:4 | Got a gossamer rune of Zot
 48213 | Vaults:1 | Entered Level 1 of the Vaults
 48601 | Vaults:1 | Reached skill level 10 in Dodging
 49052 | Vaults:1 | Noticed an Ice Fiend
 49120 | Vaults:1 | Reached skill level 1 in Armour
 49686 | Vaults:1 | Reached skill level 18 in Fighting
 49915 | Vaults:1 | Found Gozag's Antique Armour Emporium.
 49924 | Vaults:1 | Found an opulent altar of Gozag.
 49927 | Vaults:1 | Found Gozag's Antique Armour Emporium.
 49931 | Vaults:1 | Bought a slimy robe for 570 gold pieces
 49931 | Vaults:1 | Identified the +1 robe of a sewer {*Drain Int+3} (You
                  | bought it in a shop on level 1 of the Vaults)
 49940 | Vaults:1 | Found Gozag's Antique Weapon Shoppe.
 51063 | D:11     | Bought a ration for 50 gold pieces
 51063 | D:11     | Bought a ration for 50 gold pieces
 51063 | D:11     | Bought a ration for 50 gold pieces
 51063 | D:11     | Bought a ration for 50 gold pieces
 51063 | D:11     | Bought a ration for 50 gold pieces
 52155 | Vaults:2 | Reached skill level 5 in Armour
 52155 | Vaults:2 | Reached XP level 19. HP: 95/214 MP: 8/37
 52913 | Vaults:2 | Found a staircase to the Crypt.
 53123 | Vaults:3 | Reached skill level 19 in Fighting
 53679 | Vaults:3 | Noticed a tentacled monstrosity
 53694 | Vaults:3 | Killed a tentacled monstrosity
 53699 | Vaults:3 | Reached skill level 15 in Necromancy
 55393 | Vaults:4 | Reached skill level 20 in Fighting
 55881 | Vaults:4 | Noticed Donald
 55905 | Vaults:4 | Killed Donald
 55905 | Vaults:4 | Reached XP level 20. HP: 122/228 MP: 29/38
 56489 | Vaults:4 | HP: 5/231 [yaktaur captain/bolt (38)]
 57411 | Vaults:4 | Found Quuptu's General Store.
 57433 | Vaults:4 | Bought a ration for 75 gold pieces
 58016 | Depths:1 | Entered Level 1 of the Depths
 58103 | Depths:1 | Identified the +2 faerie dragon scales {rN++ rCorr}
 58103 | Depths:1 | Noticed the Enchantress
 58407 | D:15     | Killed the Enchantress
 59179 | Depths:1 | Noticed Sojobo
 59190 | Depths:1 | Killed from afar by a tengu reaver

Levels and vault maps discovered:
D:1:      lemuel_arrival_broad_hall, layout_basic, minmay_worlds_worst_comb
D:2:      layout_basic, first_ration, minivault_4, kennysheep_generic_room_7,
          uniq_robin
D:3:      layout_basic, nicolae_overflow_crystal_walls, gup_sewer_entry_pipe,
          uniq_crazy_yiuf_cottage, uniq_sigmund
D:4:      layout_basic, nicolae_overflow_hidden_temple, enter_ossuary_1
D:5:      layout_basic, minmay_temple_entry_gardened_gates, uniq_grinder,
          uniq_eustachio
D:6:      layout_cave_pools, sword_in_stone
D:7:      layout_basic, grunt_temple_overflow_diamond
D:8:      layout_cave_pods
D:9:      layout_rooms, overflow_temple_1_default, due_lair_maze_entry_diamond,
          serial_rivers, chequers_serial_rivers_micro_c,
          chequers_serial_rivers_small_b, chequers_serial_rivers_marsh,
          chequers_serial_rivers_large_b
D:10:     layout_roguey, orc_0_dummy, uniq_nergalle
D:11:     layout_loops_ring, serial_shops, shop
D:12:     layout_layer_cave, basic_altar, serial_shops, shop, uniq_frances
D:13:     layout_cave_pools, grunt_vaults_entry_tiered, serial_shops,
          nicolae_shop_behind_doors
D:14:     layout_cave_pods, nemelex_xobeh_ov_fountains_minmay, uniq_jorgrun
D:15:     grunt_enter_depths_snipers, layout_loops_ring, minivault_23,
          uniq_agnes
Temple:   nicolae_temple_x_marks_the_god
Lair:1:   layout_long_grid, basic_altar, tgw_fedhas, grunt_megastairs_3
Lair:2:   layout_cave_pods, spider_nest_entry_funnel_web, uniq_sonja,
          uniq_fannar, uniq_erica
Lair:3:   layout_cave_pods, swamp_mist_pool, gammafunk_ghost_split,
          portal_ice_cave_entry_imps, serial_rivers,
          chequers_serial_rivers_micro_d, chequers_serial_rivers_marsh,
          chequers_serial_rivers_small_3, chequers_serial_rivers_large_a,
          eino_house_with_fridge, serial_bayou_shore_b,
          infiniplex_staircase_pool_2
Lair:4:   layout_loops_ring, gammafunk_ghost_wrathful_warriors,
          minmay_lair_oklob_chamber, lemuel_fruit_tree, uniq_urug
Lair:5:   layout_cave_pods, minmay_slime_entry_pillars,
          chequers_serial_rivers_room_b, serial_bayou_shore_b, uniq_josephine
Lair:6:   minmay_lair_end_enchanted_forest, layout_gridlike,
          gammafunk_ghost_necromancy, columned_hall_lemuel
Swamp:1:  layout_basic_swamp, nicolae_swamp_feature_on_the_river_bank,
          uniq_roxanne
Swamp:2:  layout_basic_swamp, evilmike_swamp_ruin_house_4
Swamp:3:  layout_basic_swamp, evilmike_swamp_ruin_house_2,
          infiniplex_staircase_pool, uniq_nikola
Swamp:4:  swamp_old_school, layout_basic_swamp, swamp_pool3, uniq_aizul
Spider:1: layout_spider_delve
Spider:2: layout_spider_delve, einodemon_crawler_minivault
Spider:3: layout_spider_delve, drop_trap, guppyfry_hornet_nest
Spider:4: spider_rune_water, zaba_anthell
Orc:1:    lemuel_ogre_cave, layout_diamond_mine, serial_shops,
          nicolae_shop_crystal
Orc:2:    st_orc_elflike, layout_caves, gauntlet_entry_generic, serial_shops,
          shop, gammafunk_ghost_berserking_beasts
Vaults:1: nicolae_vaults_network_s, vaults_dpeg_cross, vaults_room_grid,
          v_misc_25, kennysheep_vaults_gozag_temple, hangedman_vaults_impose,
          vaults_standard_mumra_enter_the_diamond, hangedman_vaults_river_flow,
          vaults_room_pools, vaults_dpeg_hooks,
          vaults_room_grunt_arrival_ludios, v_alt_pattern_2, v_misc_16,
          layout_vaults_ring
Vaults:2: hangedman_vaults_snaps, v_misc_22, v_misc_19,
          minmay_crypt_entry_simple_sparse, nicolae_vaults_yaktaur_gun_rack,
          v_misc_2, vaults_mumra_hexcomb, layout_vaults_quadrants
Vaults:3: hangedman_vaults_impose, vaults_mumra_chevron_long,
          nicolae_vaults_octagons, v_misc_23, nicolae_vaults_little_squares_3,
          nicolae_vaults_diagonal_hallway_9, vaults_room_door_ring, v_misc_5,
          hangedman_vaults_trim, nicolae_vaults_specimen_jars,
          layout_vaults_omnicross
Vaults:4: hangedman_vaults_unwind, v_pattern_5, v_misc_2,
          nicolae_vaults_twisting_passages, v_alt_pattern_4,
          vaults_room_door_hall, vaults_room_pool, v_misc_24, v_misc_9,
          vaults_room_guarded_vault, layout_vaults_maze_snakey, serial_shops,
          nicolae_shop_trees, uniq_donald
Depths:1: layout_cave_shapes, enter_ziggurat_f, serial_bayou_shore_a,
          hellmouth_1, minmay_hidden_floor, uniq_sojobo, uniq_enchantress

Skill      XL: |  1  2  3  4  5  6  7  8  9 10 11 12 13 14 15 16 17 18 19 20 |
---------------+-------------------------------------------------------------+-----
Dodging        | 2 3 4 5 6 7 8 9 10 | 10.0
Fighting       | 1 2 3 4 6 7 8 10 11 12 14 15 16 17 18 20 | 20.8
Necromancy     | 4 5 6 7 8 9 10 12 13 14 15 16 | 16.1
Spellcasting   | 3 4 5 6 7 9 10 11 12 13 14 | 14.0
Staves         | 2 4 5 6 8 9 10 11 13 14 | 14.0
Shields        | 2 4 6 8 9 |  9.0
Conjurations   | 4 6 |  6.0
Evocations     | 2 4 5 6 |  6.0
Armour         | 5 7 9 |  9.0
Stealth        | |  1.4

Action                   |  1- 3 |  4- 6 |  7- 9 | 10-12 | 13-15 | 16-18 | 19-21 || total
-------------------------+-------+-------+-------+-------+-------+-------+-------++-------
Melee: Club              |    39 |       |       |       |       |       |       ||    39
       Unarmed           |     1 |       |       |       |       |       |       ||     1
       Mace              |    15 |    85 |       |       |       |       |       ||   100
       Quarterstaff      |       |       |   226 |   140 |       |       |       ||   366
       Whip              |       |       |       |   223 |  1003 |   228 |   618 ||  2072
       Staff             |       |       |       |       |       |   340 |       ||   340
 Cast: Pain              |    35 |   138 |    58 |   133 |   156 |    14 |       ||   534
       Animate Skeleton  |    11 |    18 |    12 |    49 |    60 |    25 |    36 ||   211
       Vampiric Draining |       |     6 |    15 |    45 |    67 |    67 |    23 ||   223
       Regeneration      |       |     1 |     9 |    19 |    36 |    46 |    43 ||   154
       Animate Dead      |       |     1 |     5 |    39 |    70 |   240 |    48 ||   403
       Dispel Undead     |       |       |       |       |    36 |    35 |    15 ||    86
       Bolt of Draining  |       |       |       |       |    66 |   461 |    74 ||   601
       Death Channel     |       |       |       |       |    19 |    31 |    30 ||    80
       Sublimation of Bl |       |       |       |       |    13 |    87 |    29 ||   129
Invok: Receive Corpses   |       |       |       |    22 |    36 |   111 |    31 ||   200
       Receive Necronomi |       |       |       |       |       |     1 |       ||     1
       Torment           |       |       |       |       |       |       |     1 ||     1
Evoke: Wand              |       |       |       |    11 |    10 |    12 |     7 ||    40
       Lamp of fire      |       |       |       |     1 |     4 |     3 |     2 ||    10
       Phantom mirror    |       |       |       |       |     1 |     1 |       ||     2
       Phial of floods   |       |       |       |       |       |     1 |     1 ||     2
  Use: Potion            |       |     2 |     1 |     4 |     4 |     9 |     6 ||    26
       Scroll            |       |       |    20 |    11 |    13 |    19 |     4 ||    67
 Stab: Sleeping          |     1 |       |     2 |     1 |     2 |       |     2 ||     8
       Distracted        |       |       |     1 |     8 |     5 |     6 |    15 ||    35
       Paralysed         |       |       |       |    18 |     1 |       |       ||    19
  Eat: Chunk             |     3 |    11 |    12 |    27 |    38 |    60 |    29 ||   180
       Ration            |       |       |     2 |     2 |    17 |    37 |     7 ||    65
Armor: Robe              |    21 |    28 |    50 |    77 |    50 |       |       ||   226
       Troll leather arm |       |       |       |       |    98 |   144 |    64 ||   306
Dodge: Dodged            |    50 |    86 |   153 |   223 |   419 |   479 |   225 ||  1635
Block: Shield            |       |       |       |   166 |   576 |   579 |   262 ||  1583

Table legend:
 A = Non-vault XP
 B = Vault XP
 C = Vault XP percentage of total XP
 D = Non-vault monster count
 E = Vault monster count
 F = Vault count percentage of total count
                 A         B        C        D         E       F
            +---------+---------+-------+---------+---------+-------
      Total |  267481 |  185573 |  41.0 |    1083 |     519 |  32.4
            +---------+---------+-------+---------+---------+-------
        D:1 |      30 |      10 |  25.0 |      19 |       5 |  20.8
        D:2 |      75 |      62 |  45.3 |      17 |      10 |  37.0
        D:3 |      62 |     268 |  81.2 |      15 |       5 |  25.0
        D:4 |     469 |       0 |   0.0 |      26 |       0 |   0.0
        D:5 |     599 |     459 |  43.4 |      29 |       2 |   6.5
        D:6 |     465 |     379 |  44.9 |      16 |       4 |  20.0
        D:7 |    1394 |       0 |   0.0 |      26 |       0 |   0.0
        D:8 |    1913 |     149 |   7.2 |      18 |       1 |   5.3
        D:9 |    1933 |     645 |  25.0 |      24 |       7 |  22.6
       D:10 |    3374 |     824 |  19.6 |      22 |       1 |   4.3
       D:11 |    5046 |       0 |   0.0 |      46 |       0 |   0.0
       D:12 |    6677 |    1497 |  18.3 |      38 |       1 |   2.6
       D:13 |   10670 |    5613 |  34.5 |      39 |      25 |  39.1
       D:14 |   12403 |    1825 |  12.8 |      36 |       1 |   2.7
       D:15 |    9666 |   12529 |  56.4 |      24 |       9 |  27.3
     Lair:1 |    3072 |       0 |   0.0 |      24 |       0 |   0.0
     Lair:2 |    4488 |    2294 |  33.8 |      24 |       5 |  17.2
     Lair:3 |    4430 |     831 |  15.8 |      24 |      24 |  50.0
     Lair:4 |    5796 |     737 |  11.3 |      24 |       1 |   4.0
     Lair:5 |    5223 |    2041 |  28.1 |      27 |      10 |  27.0
     Lair:6 |    8095 |    4287 |  34.6 |      26 |      41 |  61.2
    Swamp:1 |    6020 |       0 |   0.0 |      19 |       0 |   0.0
    Swamp:2 |    9543 |       0 |   0.0 |      34 |       0 |   0.0
    Swamp:3 |    8406 |    2625 |  23.8 |      33 |       1 |   2.9
    Swamp:4 |    3530 |   13895 |  79.7 |      14 |      24 |  63.2
   Spider:1 |   12434 |     888 |   6.7 |      46 |       5 |   9.8
   Spider:2 |    3456 |       0 |   0.0 |      13 |       0 |   0.0
   Spider:3 |   12104 |    8630 |  41.6 |      53 |      18 |  25.4
   Spider:4 |    9445 |   16901 |  64.2 |      42 |      72 |  63.2
      Orc:1 |    4641 |    7022 |  60.2 |      44 |      22 |  33.3
      Orc:2 |     948 |    7639 |  89.0 |      26 |      24 |  48.0
   Vaults:1 |   28623 |   23006 |  44.6 |      46 |      36 |  43.9
   Vaults:2 |   22199 |   10297 |  31.7 |      50 |      13 |  20.6
   Vaults:3 |   22666 |   19994 |  46.9 |      46 |      26 |  36.1
   Vaults:4 |   27782 |   31516 |  53.1 |      55 |      38 |  40.9
   Depths:1 |    9804 |     803 |   7.6 |      18 |       4 |  18.2
      Sewer |       0 |     297 | 100.0 |       0 |      48 | 100.0
      IceCv |       0 |    7610 | 100.0 |       0 |      36 | 100.0
            +---------+---------+-------+---------+---------+-------
